 Dungeon Crawl Stone Soup version 0.28.0-53-g5a82cb258f (webtiles) character file.

Game seed: 6184102113307223881

9648 Infinimo the Basher (level 11, -15/108 HPs)
             Began as a Gargoyle Berserker on June 17, 2022.
             Was a Priest of Trog.
             Demolished by a wolf spider simulacrum (26 damage)
             ... on level 10 of the Dungeon.
             The game lasted 00:09:13 (10555 turns).

Infinimo the Basher (Gargoyle Berserker)           Turns: 10555, Time: 00:09:14

Health: -15/108    AC: 28    Str: 31    XL:     11   Next: 49%
Magic:  11/11      EV:  8    Int:  9    God:    Trog [***...]
Gold:   527        SH:  9    Dex: 13    Spells: 10/10 levels left

rFire   . . .      SeeInvis .   q - +7 scimitar of Subjectivity {venom, Str+7 Stlth-}
rCold   . . .      Faith    .   d - +0 kite shield
rNeg    + . .      Spirit   .   x - +8 chain mail of the Dowdy Serpent {Dex+4}
rPois   ∞          Reflect  .   (no helmet)
rElec   +          Harm     .   (no cloak)
rCorr   .          Rampage  .   (no gloves)
Will    .....                   f - +0 pair of boots
Stlth   ..........              (no amulet)
HPRegen 0.28/turn               (no ring)
MPRegen 0.12/turn               (no ring)

@: berserking, very quick
A: sickness immunity, AC +8, negative energy resistance 1, electricity
resistance, torment resistance 1, petrification resistance
a: Renounce Religion, Berserk, Trog's Hand


You were on level 10 of the Dungeon.
You worshipped Trog.
Trog was most pleased with you.
You visited 1 branch of the dungeon, and saw 10 of its levels.
You also visited: Bailey.

You collected 833 gold pieces.
You spent 306 gold pieces at shops.

Inventory:

Hand Weapons
 q - the +7 scimitar of Subjectivity (weapon) {venom, Str+7 Stlth-}
   (You found it on level 3 of the Dungeon)

   It poisons the flesh of those it strikes.
   Str:       It affects your strength (+7).
   Stlth:     It makes you less stealthy.
 z - a +2 morningstar of freezing
Missiles
 y - 3 throwing nets (quivered)
Armour
 d - a +0 kite shield (worn)
 f - a +0 pair of boots (worn)
 x - the +8 chain mail of the Dowdy Serpent (worn) {Dex+4}
   (You found it on level 4 of the Dungeon)

   Dex:       It affects your dexterity (+4).
Jewellery
 a - a ring of resist corrosion
 o - a +4 ring of evasion
 r - a ring of protection from cold
 A - a ring of protection from fire
Wands
 c - a wand of paralysis (7)
 n - a wand of iceblast (22)
 s - a wand of acid (3)
 v - a wand of flame (16)
Scrolls
 m - 3 scrolls of teleportation
 p - a scroll of fear
 B - a scroll of enchant armour
 C - a scroll of identify
Potions
 b - 3 potions of attraction
 e - 9 potions of curing
 g - 2 potions of might
 h - a potion of magic
 i - a potion of brilliance
 j - a potion of resistance
 k - a potion of degeneration {unknown}
 l - 3 potions of haste
 t - a potion of lignification {unknown}
 u - a potion of heal wounds {unknown}
 w - 2 potions of berserk rage {unknown}


   Skills:
 + Level 9.9 Fighting
 * Level 12.2 Maces & Flails
 + Level 9.5 Armour
 - Level 1.5 Dodging
 * Level 6.1 Shields


You had 10 spell levels left.
You didn't know any spells.
Your spell library was empty.

Dungeon Overview and Level Annotations

Branches:
Dungeon (10/15)            Temple (0/1) D:4          Bailey (visited)
   Lair: D:8-11         Orc: D:9-12

Altars:
Okawaru

Shops:
D:5 :!   D:6 [   D:9 ?   D:10 :


Innate Abilities, Weirdness & Mutations

You are immune to sickness and miasma.
Your stone body is resilient. (AC +8)
You are immune to poison.
You resist negative energy. (rN+)
You are resistant to electric shocks. (rElec)
You are resistant to unholy torment.
You are immune to petrification.


Message History

As you open the door, it creaks loudly!
There is an open door here.
m - 3 scrolls of teleportation (gained 1) As you open the door, it creaks loudly!
There is an open door here.
You open the door.
There is an open door here.
You open the door.
There is an open door here.
Found a stone staircase leading down.
There is a stone staircase leading down here.
You open the door.
A wolf spider simulacrum comes into view.
There is an open door here.
A wolf spider simulacrum is nearby!
A wolf spider simulacrum is nearby!
You slash the wolf spider simulacrum!
The wolf spider simulacrum is moderately damaged.
The wolf spider simulacrum hits you but does no damage.
The wolf spider simulacrum bites you but does no damage.
The wolf spider simulacrum hits you but does no damage.
The wolf spider simulacrum bites you!
The wolf spider simulacrum freezes you!!
You slash the wolf spider simulacrum!
The wolf spider simulacrum is heavily damaged.
You block the wolf spider simulacrum's attack.
The wolf spider simulacrum barely misses you.
You block the wolf spider simulacrum's attack.
The wolf spider simulacrum bites you.
The wolf spider simulacrum freezes you!!
* * * LOW HITPOINT WARNING * * *
You are too injured to fight recklessly!
You are too injured to fight recklessly!
You are too injured to fight recklessly!
A red film seems to cover your vision as you go berserk!
You feel yourself moving faster!
You feel mighty! The wolf spider simulacrum hits you.
* * * LOW HITPOINT WARNING * * *
The wolf spider simulacrum freezes you!!
You die...

#>.###### ##......##
######..# ###+####
#######.## #......#
#........# #......#
#........### #......#
#...........
#.....Z#####........##.
#.....@#............###
#......'.###........#
#......### ###.######
####...# #.# #######.##
#.# .........# #.##
.........### #..#
....[......#####.#######
.........#.##........[##


You could see a wolf spider simulacrum.

Vanquished Creatures
  Harold (D:9)
  A death knight (D:9)
  2 two-headed ogres (D:9)
  The ghost of Quickbrownfox the Chiller, a novice DsIE of Okawaru (D:7)
  An orc knight (Bailey)
  A gargoyle (D:5)
  A freezing wraith (D:9)
  A troll (D:10)
  2 hornets (D:9)
  Grinder (D:5)
  10 yaks
  A steam dragon (D:9)
  A water moccasin (D:6)
  A sky beast (D:5)
  4 orc warriors
  2 ice beasts
  2 ogres
  4 centaurs
  A phantom (D:5)
  5 kobold brigands (Bailey)
  3 bullfrogs
  2 gnoll sergeants
  2 wyvern zombies
  2 water moccasin skeletons
  5 wights (D:8)
  3 killer bees (D:7)
  A howler monkey (D:9)
  A centaur zombie (D:9)
  6 orc priests
  2 hounds (D:5)
  2 jellies
  2 centaur skeletons
  Natasha (thrice) (D:4)
  2 iguanas
  4 orc wizards
  2 howler monkey zombies
  6 gnolls
  4 adders
  A white imp (D:6)
  A worm (D:2)
  2 dart slugs
  23 orcs
  9 ball pythons
  A bat (D:2)
  8 endoplasms
  9 goblins
  8 hobgoblins
  3 jackals (D:1)
  3 quokkas
  2 frilled lizards (D:2)
  12 kobolds
  6 rats
183 creatures vanquished.

Notes
Turn   | Place    | Note
-------+----------+-------------------------------------------
     0 | D:1      | Infinimo the Gargoyle Berserker began the quest for the
                  | Orb.
     0 | D:1      | Reached XP level 1. HP: 14/14 MP: 1/1
   114 | D:1      | Found a faded altar of an unknown god.
   185 | D:1      | Reached XP level 2. HP: 19/19 MP: 2/2
   596 | D:1      | Reached XP level 3. HP: 14/23 MP: 3/3
   937 | D:1      | Reached ** piety under Trog
  1771 | D:2      | Noticed an ogre
  1780 | D:2      | Killed an ogre
  1781 | D:2      | Reached skill level 4 in Maces & Flails
  1781 | D:2      | Reached XP level 4. HP: 29/29 MP: 4/4
  1781 | D:2      | Reached XP level 5. HP: 33/33 MP: 5/5
  2287 | D:2      | HP: 1/49 [iguana (11)]
  3266 | D:3      | Identified the +7 scimitar of Subjectivity {venom, Str+7
                  | Stlth-}
  3879 | D:4      | Reached skill level 5 in Maces & Flails
  3879 | D:4      | Reached XP level 6. HP: 36/39 MP: 6/6
  3920 | D:4      | Noticed Natasha
  3925 | D:4      | Killed Natasha
  3929 | D:4      | Noticed Natasha
  3937 | D:4      | Killed Natasha
  3965 | D:4      | Identified the +0 leather armour of Lethargy {rPois rF+
                  | Will+}
  3992 | D:4      | Noticed Natasha
  3996 | D:4      | Killed Natasha
  4181 | D:4      | Found a staircase to the Ecumenical Temple.
  4542 | D:4      | Identified the +8 chain mail of the Dowdy Serpent {Dex+4}
  4583 | D:5      | Entered Level 5 of the Dungeon
  4586 | D:5      | Noticed Grinder
  4591 | D:5      | Paralysed by Grinder for 7 turns
  4594 | D:5      | Noticed a gargoyle
  4606 | D:4      | Reached skill level 5 in Fighting
  4841 | D:5      | Reached XP level 7. HP: 44/44 MP: 7/7
  4850 | D:5      | Killed a gargoyle
  4851 | D:5      | Reached skill level 6 in Maces & Flails
  4851 | D:5      | Reached skill level 5 in Armour
  4986 | D:5      | Found Bicoxzur's Book Boutique.
  5079 | D:5      | Found Ynyo's Distillery.
  5087 | D:5      | Bought a potion of curing for 33 gold pieces
  5087 | D:5      | Bought a potion of curing for 33 gold pieces
  5087 | D:5      | Bought a potion of curing for 33 gold pieces
  5087 | D:5      | Bought a potion of haste for 110 gold pieces
  5360 | D:5      | Reached XP level 8. HP: 51/51 MP: 8/8
  5529 | D:5      | Paralysed by Grinder for 6 turns
  5530 | D:5      | Reached skill level 7 in Maces & Flails
  5534 | D:5      | Killed Grinder
  5627 | D:6      | Found Abuel's Armour Shop.
  5928 | D:6      | Reached skill level 8 in Maces & Flails
  6349 | D:7      | Reached XP level 9. HP: 25/56 MP: 9/9
  6849 | D:7      | Reached *** piety under Trog
  6850 | D:7      | Reached skill level 9 in Maces & Flails
  6977 | D:7      | Noticed Quickbrownfox's ghost (novice DsIE)
  6978 | D:7      | Found a runed translucent door.
  7297 | D:7      | Killed Quickbrownfox's ghost
  7578 | D:8      | Found a flagged portal.
  7608 | D:8      | Reached skill level 10 in Maces & Flails
  7619 | Bailey   | Entered a bailey
  7782 | Bailey   | Noticed an orc knight
  7795 | Bailey   | Reached XP level 10. HP: 64/64 MP: 10/10
  7803 | Bailey   | Killed an orc knight
  7808 | Bailey   | Identified the +7 hand axe of Oily Absolution {venom, Drain
                  | Int+2 Dex+6 SInv}
  7814 | Bailey   | HP: 2/65 [orc warrior/the +7 hand axe of Oily Absolution
                  | {venom, Drain Int+2 Dex+6 SInv} (14)]
  8125 | Bailey   | Found an iron altar of Okawaru.
  8434 | D:8      | Found an iron altar of Okawaru.
  8990 | D:9      | Noticed a two-headed ogre
  8997 | D:9      | Killed a two-headed ogre
  8998 | D:9      | Reached skill level 11 in Maces & Flails
  9103 | D:9      | Found Esakon's Magic Scroll Boutique.
  9114 | D:9      | Reached **** piety under Trog
  9128 | D:9      | Bought a scroll of enchant armour for 97 gold pieces
  9393 | D:9      | Identified the +1 leather armour of Generosity {Drain rPois
                  | rCorr}
  9519 | D:9      | Reached XP level 11. HP: 55/71 MP: 11/11
  9593 | D:9      | Noticed Harold
  9614 | D:9      | Killed Harold
  9838 | D:9      | Reached skill level 5 in Shields
 10067 | D:9      | Noticed a two-headed ogre
 10068 | D:9      | Noticed a death knight
 10073 | D:9      | Killed a two-headed ogre
 10074 | D:9      | Reached skill level 12 in Maces & Flails
 10082 | D:9      | Killed a death knight
 10267 | D:10     | Entered Level 10 of the Dungeon
 10473 | D:10     | Found Zevisor's Book Shoppe.
 10555 | D:10     | Demolished by a wolf spider simulacrum

Illustrated notes

Levels and vault maps discovered:
D:1:      lightli_arrival_noodles, layout_basic,
          shapermc_ecumenical_altar_totnotflames
D:2:      layout_loops_corners
D:3:      layout_loops_corners
D:4:      layout_basic, temple_green, minivault_11, st_stairs_7, uniq_natasha
D:5:      nicolae_cairo_tiling, layout_loops_cross, serial_shops, shop,
          nicolae_shop_hallway_stairs, uniq_grinder
D:6:      layout_cave_pools, serial_shops, nicolae_shop_hallway_stairs
D:7:      layout_cave_pools, hellmonk_ghost_happy_afterlife, glass_columns_b,
          st_stairs_8, kennysheep_crisscross
D:8:      layout_gridville, mainiacjoe_overflow_surrounded_room, enter_bailey_1
D:9:      layout_cave_pods, serial_shops, nicolae_shop_stone, grunt_tough_drop,
          uniq_harold
D:10:     layout_roguey, orc_0_dummy, serial_shops, nicolae_shop_stone

Skill      XL: |  1  2  3  4  5  6  7  8  9 10 11 |
---------------+----------------------------------+-----
Fighting       | 4 5 6 8 9 |  9.9
Maces & Flails | 4 5 6 8 10 11 12 | 12.2
Armour         | 3 4 5 6 7 9 |  9.5
Shields        | 4 6 |  6.1
Dodging        | |  1.5

Action                   |  1- 3 |  4- 6 |  7- 9 | 10-12 || total
-------------------------+-------+-------+-------+-------++-------
Melee: Mace              |    85 |    62 |       |       ||   147
       Punch             |     1 |       |     2 |       ||     3
       Scimitar          |       |    40 |   167 |   177 ||   384
Invok: Berserk           |     2 |     3 |     9 |     6 ||    20
  Use: Scroll            |       |    10 |     3 |     5 ||    18
Armor: Animal skin       |    21 |     9 |       |       ||    30
       Scale mail        |       |    26 |       |       ||    26
       Chain mail        |       |    17 |   188 |   139 ||   344
Dodge: Dodged            |    48 |    66 |   134 |    56 ||   304
Block: Kite shield       |       |       |       |    75 ||    75
